 Dungeon Crawl Stone Soup version 0.25-a0-353-ged6d54792d (webtiles) character file.

Game seed: 12958818204904902570, levelgen mode: deterministic

1371 pk666 the Magician (level 8, 0/61 HPs)
             Began as a Deep Elf Wizard on Jan 1, 2020.
             Was an Initiate of Vehumet.
             Slain by an orc warrior
             ... wielding a +0 war axe
              (12 damage)
             ... on level 6 of the Dungeon.
             The game lasted 00:15:17 (7595 turns).

pk666 the Magician (Deep Elf Wizard)                Turns: 7595, Time: 00:15:18

Health: 0/61       AC: 24    Str:  4    XL:     8   Next: 38%
Magic:  9/21       EV:  2    Int: 26    God:    Vehumet [......]
Gold:   311        SH:  0    Dex: 13    Spells: 11/22 levels left

rFire    + . .     SeeInvis .   B - +1 dagger (speed)
rCold    . . .     Gourm    .   (no shield)
rNeg     + + +     Faith    .   (armour currently unavailable)
rPois    +         Spirit   .   (helmet currently unavailable)
rElec    .         Reflect  .   (cloak currently unavailable)
rCorr    .         Harm     .   (gloves currently unavailable)
MR       +....     NoTele   +   (boots currently unavailable)
Stlth    ++........             w - amulet of the acrobat
HPRegen  0.20/turn              u - ring of protection from fire
MPRegen  0.17/turn              s - ring of protection from magic

@: tree-form
A: no striking features
a: Renounce Religion


You were on level 6 of the Dungeon.
You worshipped Vehumet.
Vehumet was noncommittal.
You were hungry.
You were a tree.
You visited 2 branches of the dungeon, and saw 7 of its levels.

You collected 311 gold pieces.

Inventory:

Hand Weapons
 B - a +1 dagger of speed (weapon)
Armour
 a - a +0 pair of boots (melded)
 b - a +0 hat (melded)
 r - a +2 robe of positive energy (melded)
 v - a +0 cloak (melded)
Jewellery
 l - an uncursed ring of ice
 s - a ring of protection from magic (right branch)
 u - a ring of protection from fire (left branch)
 w - an amulet of the acrobat (around neck)
Scrolls
 c - 2 scrolls of amnesia
 i - a scroll of noise {unknown}
 k - a scroll of identify
 m - 3 scrolls of blinking {unknown}
 o - a scroll of fear {unknown}
 x - 3 scrolls of remove curse
 y - 2 scrolls of immolation {unknown}
 z - a scroll of teleportation {unknown}
 A - a scroll of random uselessness {unknown}
Potions
 e - a potion of heal wounds {unknown}
 f - a potion of flight
 g - a potion of agility {unknown}
 h - a potion of curing
 j - a potion of ambrosia {unknown}
 n - 2 potions of mutation
 p - 3 potions of invisibility
 q - 2 potions of brilliance
 t - 2 potions of lignification
Comestibles
 d - 10 rations


   Skills:
 + Level 5.8 Dodging
 - Level 2.4 Stealth
 + Level 7.9 Spellcasting
 + Level 5.5 Conjurations
 - Level 2.0 Summonings
 - Level 1.1 Translocations
 + Level 4.9 Fire Magic
 - Level 2.0 Air Magic
 - Level 2.0 Poison Magic


You had 11 spell levels left.
You knew the following spells:

 Your Spells              Type           Power        Failure   Level  Hunger
a - Magic Dart            Conj           ####         1%          1    None
b - Blink                 Tloc           N/A          5%          2    None
c - Conjure Flame         Conj/Fire      #####...     1%          3    None
d - Mephitic Cloud        Conj/Pois/Air  ####....     4%          3    None
e - Call Imp              Summ           ###.....     3%          2    None

Your spell library contained the following spells:

 Spells                   Type           Power        Failure   Level  Hunger
 Slow                     Hex            ##......     9%          2    None


Dungeon Overview and Level Annotations

Branches:
Dungeon (6/15)             Temple (1/1) D:5

Altars:
Ashenzari
Dithmenos
Elyvilon
Fedhas
Gozag
Hepliaklqana
Kikubaaqudgha
Makhleb
Nemelex Xobeh
Okawaru
Trog
Vehumet
Wu Jian
Xom


Message History

An orc wizard comes into view. It is wielding a -3 dagger.
Casting: Blink (safe; 5% risk of failure)
Confirm with . or Enter, or press ? or * to list all spells.
You blink.
It was a potion of lignification.
You turn into a tree.
Your +0 cloak melds into your body.
Your +0 hat melds into your body.
Your +0 pair of boots melds into your body.
Your +2 robe of positive energy melds into your body.
You feel less protected from negative energy.
Your roots penetrate the ground.
The orc wizard gestures wildly while chanting.
The orc wizard blinks!
The orc priest hits you but does no damage.
It was a potion of curing.
You feel better.
The orc priest hits you but does no damage.
It was a potion of flight.
Your roots keep you in place.
The orc hits you but does no damage.
The orc priest hits you but does no damage.
The orc warrior hits you with a +0 war axe!
You die...

######### ##....###### ##......#
#.....#....# ###### ##......#
#.....#....####..... ##......#
#.....#o............
##......######.....#.............
........'..§.'..o..'...........o.
........######§....#......##.....
........# #.ooo##..o...#######
........# ##o♣######...#
........# ##o# #...# ........#
#.## #...# ........# #..# #...#
........# ##.## #.### #########
#..# #)# ##.## #o# #####..###o#
#.....^.##5#


You could see an orc warrior, 2 orc priests, 2 orc wizards and 2 orcs.

Vanquished Creatures
  Prince Ribbit (D:5)
  Eustachio (D:5)
  An orc warrior (D:6)
  An ice beast (D:6)
  A gnoll sergeant (D:5)
  2 scorpions (D:6)
  2 crimson imps
  A jelly (D:5)
  3 orc priests
  3 bullfrog skeletons
  3 orc wizards
  Terence (D:3)
  2 worker ants
  2 hound skeletons
  2 adders
  4 gnolls
  A shadow imp (D:6)
  2 worms (D:3)
  4 leopard geckos
  15 orcs
  A ball python (D:1)
  4 bats
  6 giant cockroaches
  3 hobgoblins
  2 jackals (D:5)
  6 kobolds
  3 quokkas
  9 frilled lizards
  8 goblins
  12 rats
106 creatures vanquished.

Vanquished Creatures (collateral kills)
  A centaur (D:5)
  Jessica (D:2)
  An iguana (D:4)
  2 gnolls (D:2)
  2 jackals (D:5)
7 creatures vanquished.

Grand Total: 113 creatures vanquished

Notes
Turn   | Place    | Note
-------+----------+-------------------------------------------
     0 | D:1      | pk666 the Deep Elf Wizard began the quest for the Orb.
     0 | D:1      | Reached XP level 1. HP: 10/10 MP: 7/7
     6 | D:1      | Noticed a black bear
     6 | D:1      | Noticed a hound
     7 | D:1      | Noticed a crocodile
     7 | D:1      | Noticed a swamp drake
   174 | D:1      | Reached XP level 2. HP: 15/15 MP: 1/9
   810 | D:2      | Reached XP level 3. HP: 19/19 MP: 2/11
   814 | D:2      | Learned a level 2 spell: Blink
   818 | D:2      | Learned a level 3 spell: Conjure Flame
   822 | D:2      | Learned a level 3 spell: Mephitic Cloud
   825 | D:2      | Learned a level 2 spell: Call Imp
   947 | D:2      | Reached skill level 5 in Spellcasting
  1277 | D:2      | Noticed Jessica
  1308 | D:2      | Killed Jessica
  1308 | D:2      | Reached skill level 1 in Poison Magic
  1308 | D:2      | Reached XP level 4. HP: 7/24 MP: 0/13
  2036 | D:3      | Noticed Terence
  2046 | D:3      | Killed Terence
  2046 | D:3      | Reached skill level 1 in Fire Magic
  2046 | D:3      | Reached skill level 1 in Air Magic
  2778 | D:4      | Reached XP level 5. HP: 28/28 MP: 1/14
  3510 | D:4      | Reached XP level 6. HP: 32/32 MP: 11/16
  3956 | D:4      | Found a bloodstained altar of Trog.
  3963 | D:4      | Found a hazy altar of Hepliaklqana.
  3965 | D:4      | Found a sparkling altar of Nemelex Xobeh.
  4211 | D:5      | Entered Level 5 of the Dungeon
  4234 | D:5      | Reached skill level 6 in Spellcasting
  4889 | D:5      | Noticed Eustachio
  5060 | D:5      | Noticed Prince Ribbit
  5087 | D:5      | Killed Prince Ribbit
  5087 | D:5      | Reached XP level 7. HP: 20/36 MP: 0/18
  5346 | D:5      | Killed Eustachio
  5346 | D:5      | Reached skill level 7 in Spellcasting
  5410 | D:5      | Found a staircase to the Ecumenical Temple.
  5449 | Temple   | Entered the Ecumenical Temple
  5500 | Temple   | Became a worshipper of Vehumet
  6146 | D:5      | Reached skill level 5 in Dodging
  6599 | D:6      | Reached skill level 5 in Conjurations
  6599 | D:6      | Reached XP level 8. HP: 41/41 MP: 6/21
  7582 | D:6      | HP: 1/41 [orc priest/divine providence (13)]
  7595 | D:6      | Slain by an orc warrior

Levels and vault maps discovered:
D:1:      onia_arrival_zoo_common, layout_rooms
D:2:      layout_rooms, first_ration, kennysheep_jessica_study
D:3:      layout_basic, uniq_terence
D:4:      layout_loops_ring, nicolae_overflow_hidden_temple,
          chequers_serial_rivers_micro_a
D:5:      layout_loops_corners, minmay_temple_entry_statues_fountains,
          uniq_prince_ribbit1, uniq_eustachio
D:6:      layout_basic
Temple:   minmay_temple_curvy_loop

Skill      XL: |  1  2  3  4  5  6  7 |
---------------+----------------------+-----
Dodging        | 3 4 5 |  5.8
Conjurations   | 2 3 4 5 |  5.5
Spellcasting   | 5 6 7 |  7.9
Poison Magic   | 1 2 |  2.0
Fire Magic     | 1 2 3 4 |  4.9
Air Magic      | 1 2 |  2.0
Summonings     | 2 |  2.0
Stealth        | |  2.4
Translocations | |  1.1

Action                   |  1- 3 |  4- 6 |  7- 9 || total
-------------------------+-------+-------+-------++-------
Melee: Dagger            |       |     8 |     7 ||    15
 Cast: Magic Dart        |    73 |   152 |   122 ||   347
       Call Imp          |     5 |    13 |     2 ||    20
       Conjure Flame     |       |    10 |    11 ||    21
       Mephitic Cloud    |       |     5 |     7 ||    12
       Blink             |       |     5 |     2 ||     7
  Use: Scroll            |     2 |     1 |     5 ||     8
       Potion            |       |       |     3 ||     3
 Stab: Confused          |       |     2 |     2 ||     4
  Eat: Chunk             |       |    12 |     4 ||    16
       Ration            |       |       |     1 ||     1
Armor: Robe              |       |     5 |     2 ||     7
       Skin              |       |       |     4 ||     4
Dodge: Dodged            |     4 |    45 |    16 ||    65

Table legend:
 A = Non-vault XP
 B = Vault XP
 C = Vault XP percentage of total XP
 D = Non-vault monster count
 E = Vault monster count
 F = Vault count percentage of total count
                 A         B        C        D         E       F
            +---------+---------+-------+---------+---------+-------
      Total |    1446 |     513 |  26.2 |     108 |       5 |   4.4
            +---------+---------+-------+---------+---------+-------
        D:1 |      34 |       0 |   0.0 |      22 |       0 |   0.0
        D:2 |      65 |      22 |  25.3 |      19 |       2 |   9.5
        D:3 |      23 |      36 |  61.0 |      12 |       1 |   7.7
        D:4 |     287 |       0 |   0.0 |      15 |       0 |   0.0
        D:5 |     464 |     455 |  49.5 |      24 |       2 |   7.7
        D:6 |     573 |       0 |   0.0 |      16 |       0 |   0.0
            +---------+---------+-------+---------+---------+-------
